 Dungeon Crawl Stone Soup version 0.21.0-3-g78d12a8 (webtiles) character file.

58 Ignatius881 the Firebug (level 3, 0/26 HPs)
             Began as a Draconian Fire Elementalist on Jan 12, 2018.
             Shot with an arrow by a centaur (7 damage)
             ... on level 2 of the Dungeon.
             The game lasted 00:04:50 (1631 turns).

Ignatius881 the Firebug (DrFE)                      Turns: 1631, Time: 00:04:51

Health: 0/26       AC:  5    Str: 10    XL:     3   Next: 76%
Magic:  1/6        EV: 12    Int: 16    God:
Gold:   45         SH:  0    Dex: 11    Spells: 4/7 levels left

rFire    . . .     SeeInvis .   (no weapon)
rCold    . . .     Gourm    .   (no shield)
rNeg     . . .     Faith    .   (armour unavailable)
rPois    .         Spirit   .   (helmet restricted)
rElec    .         Reflect  .   (no cloak)
rCorr    .         Harm     .   (no gloves)
MR       .....                  (no boots)
Stlth    ++........             (no amulet)
HPRegen  0.08/turn              (no ring)
MPRegen  0.10/turn              (no ring)

@: no status effects
A: unfitting armour, cold-blooded, AC +5
a: no special abilities


You were on level 2 of the Dungeon.
You were not hungry.

You visited 1 branch of the dungeon, and saw 2 of its levels.

You collected 45 gold pieces.

Inventory:

Jewellery
 m - an uncursed ring of resist corrosion {unknown}
   (You took it off a kobold on level 2 of the Dungeon)
Scrolls
 b - a scroll of enchant armour {unknown}
 c - a scroll of immolation {unknown}
 f - 3 scrolls of remove curse {unknown}
 g - a scroll of blinking {unknown}
 h - a scroll of random uselessness {unknown}
 k - 3 scrolls of identify {unknown}
 l - a scroll of amnesia {unknown}
Potions
 d - a potion of degeneration {unknown}
 i - a potion of resistance {unknown}
Books
 a - a book of Flames
Comestibles
 e - 6 rations
 j - 4 chunks of flesh


   Skills:
 - Level 1.7 Dodging
 - Level 1.7 Stealth
 + Level 2.5 Spellcasting
 * Level 2.7 Conjurations
 + Level 3.4 Fire Magic


You had 4 spell levels left.
You knew the following spells:

 Your Spells              Type           Power        Failure   Level  Hunger
a - Flame Tongue          Conj/Fire      ##...        5%          1    #......
b - Throw Flame           Conj/Fire      ##....       9%          2    ##.....


Dungeon Overview and Level Annotations

Branches:
Dungeon (2/15)

Altars:
Elyvilon
Qazlal

Annotations:
D:2 2 transporters


Innate Abilities, Weirdness & Mutations

Your plain brown scales are hard. (AC +5)
You cannot fit into any form of body armour.
You are cold-blooded and may be slowed by cold attacks.


Message History

You start resting.
Found a stone staircase leading down.
You see here a hobgoblin corpse.
You butcher the hobgoblin corpse.
j - 5 chunks of flesh (gained 4)
You see here a hobgoblin skeleton. x2
Found a scroll labeled TITOSMICEC.
Found 10 gold pieces.
Things that are here:
a dagger; 5 stones; a kobold corpse
Found a ration.
k - 3 scrolls labeled TITOSMICEC (gained 1)
Found 6 poisoned needles.
Some of the chunks of flesh in your inventory have rotted away.
There is a stone staircase leading down here.
A hobgoblin comes into view. It is wielding a club.
Aim: a hobgoblin, wielding a club (resting)
The flame tongue hits the hobgoblin.
The hobgoblin shouts!
Aim: a hobgoblin, wielding a club (moderately wounded)
The flame tongue hits the hobgoblin.
You kill the hobgoblin!
You start resting.
Eating one of 4 chunks of flesh.
You eat one of the 4 chunks of flesh.
Things that are here:
a club; a hobgoblin corpse You butcher the hobgoblin corpse.
j - 4 chunks of flesh (gained 1)
You see here a club. x2
You see here a hobgoblin skeleton.
Things that are here:
a dagger; 5 stones; a kobold corpse A centaur comes into view.
The centaur shouts!
The centaur wields a glowing shortbow.
The centaur shoots an arrow.
The arrow completely misses you.
You see here an arrow.
Aim: a centaur, wielding a shortbow of velocity The puff of flame hits the centaur.
The centaur shoots an arrow.
The arrow hits you!
Aim: a centaur, wielding a shortbow of velocity (lightly wounded)
The puff of flame hits the centaur.
The centaur moves out of view.
The centaur shoots an arrow.
The arrow hits you!
* * * LOW HITPOINT WARNING * * *
* * * LOW HITPOINT WARNING * * *
The centaur shoots an arrow.
The arrow closely misses you.
Aim: a centaur, wielding a shortbow of velocity (moderately wounded)
The flame tongue hits the centaur.
The centaur appears unharmed.
The centaur shoots an arrow.
The arrow hits you!
You die...

# #.# #.# ###.# #.#
.##.### #.# ......#
##.######
.###..######
##...#...#
............
##.#.#..#.####
####..####..
#####.##....#.....
.# #..#
#......(...####.##
.# #..#
#@#####.#...#...# .#
#).# #...c...#
##.##.#รท### .#
#..####...#######
####...## .#
#....##. <.....##
#.....# .###.##.#
#...#####.###.###
........#
#.>.......# #....
.....#..#
#...#####.###.###
.#####..# ##.##
#.....#
...###..##.#<#####.#
###.###


You could see a centaur.

Vanquished Creatures
  2 adders (D:2)
  3 dart slugs
  A leopard gecko (D:1)
  4 bats
  2 giant cockroaches
  4 goblins (D:1)
  3 hobgoblins
  2 quokkas (D:2)
  4 frilled lizards
  7 kobolds
  2 rats (D:1)
34 creatures vanquished.

Notes
Turn   | Place    | Note
-------+----------+-------------------------------------------
     0 | D:1      | Ignatius881 the Draconian Fire Elementalist began the quest for the Orb.
     0 | D:1      | Reached XP level 1. HP: 14/14 MP: 3/3
   279 | D:1      | Reached XP level 2. HP: 20/20 MP: 3/5
   283 | D:1      | Learned a level 2 spell: Throw Flame
  1081 | D:2      | Reached XP level 3. HP: 26/26 MP: 0/6
  1279 | D:2      | Found a transporter.
  1280 | D:2      | Found a transporter.
  1282 | D:2      | Noticed a phantom
  1285 | D:2      | Found a stormy altar of Qazlal.
  1285 | D:2      | Found a white marble altar of Elyvilon.
  1626 | D:2      | Noticed a centaur
  1631 | D:2      | Shot with an arrow by a centaur

Skill      XL: |  1  2 |
---------------+-------+-----
Conjurations   | 2 |  2.7
Dodging        | |  1.7
Stealth        | |  1.7
Spellcasting   | |  2.5
Fire Magic     | |  3.4

Action                   || total
-------------------------++-------
Melee: Unarmed           ||     4
 Cast: Flame Tongue      ||    33
       Throw Flame       ||    21
  Eat: Chunk             ||     4
Armor: Skin              ||     2
Dodge: Dodged            ||     8
